AoeStats
← AiM | Facu1414

Arabia

505567584Analyzed
4v4 RM · 22d ago on Sep 10, 2026· 34m 6s· 8 players
Game mode
Random Map
Map size
Large (8 player)
Population
200
Speed
Normal
Resources
Standard
Victory
Conquest
Starting age
Dark Age
Ending age
Imperial Age
RankedLock teamsTeams togetherTeam positionsShared explorationLock speedFull tech treeHidden civsTurbo modeCheats
Victory
Defeat
🇨🇱 Persians · Chile
1646
+7
🇨🇱 Maya · Chile
1596
+8
🇦🇷 Magyars · Argentina
1570
+9
🇨🇱 Ethiopians · Chile
1547
+10
🇬🇹 Franks · Guatemala
1453
-9
🇦🇷 Persians · Argentina
1451
-9
🇧🇷 Ethiopians · Brazil
1413
-9
🇵🇪 Jurchens · Peru
1349
-7
Perseu
4:04 Loom
10:25 Feudal Age
15:30 Fletching
16:44 Horse Collar
23:07 Padded Archer Armor
26:25 Castle Age
24:45 Double-Bit Axe
25:15 Gold Mining
26:29 Crossbowman
27:06 Bodkin Arrow
27:41 Bow Saw
28:23 Ballistics
theblademaster
6:56 Loom
9:32 Feudal Age
10:06 Double-Bit Axe
22:36 Castle Age
25:27 Horse Collar
27:54 Gold Mining
29:23 Scale Barding Armor
30:54 Chain Barding Armor
31:11 Bloodlines
32:12 Husbandry
33:15 Forging
MAGOYA
6:00 Loom
9:08 Feudal Age
10:08 Double-Bit Axe
11:06 Town Watch
12:21 Horse Collar
17:02 Scale Barding Armor
18:44 Forging
26:11 Castle Age
25:14 Bloodlines
25:05 Gold Mining
26:00 Light Cavalry
Itachi_+_+
6:54 Loom
9:11 Feudal Age
9:42 Double-Bit Axe
12:29 Wheelbarrow
18:01 Scale Barding Armor
21:54 Castle Age
20:44 Forging
21:16 Gold Mining
22:46 Husbandry
23:07 Chain Barding Armor
24:36 Iron Casting
27:18 Town Watch
30:21 Fletching
AiM | Kadrexgg
5:50 Loom
8:57 Feudal Age
13:19 Fletching
15:14 Padded Archer Armor
20:44 Forging
24:56 Castle Age
23:23 Gold Mining
23:34 Horse Collar
23:18 Man-at-Arms
25:00 Crossbowman
25:36 Bodkin Arrow
26:25 Leather Archer Armor
26:49 Double-Bit Axe
29:06 Thumb Ring
30:06 Ballistics
36:17 Imperial Age
35:03 Wheelbarrow
34:13 Town Watch
AiM | EleuieseKa
6:41 Loom
9:03 Feudal Age
9:27 Double-Bit Axe
15:20 Scale Barding Armor
17:16 Wheelbarrow
17:05 Horse Collar
18:27 Bloodlines
19:07 Forging
23:44 Castle Age
24:41 Chain Barding Armor
27:09 Bow Saw
27:40 Husbandry
AiM | Facu1414
6:19 Loom
9:46 Feudal Age
10:17 Double-Bit Axe
13:36 Scale Barding Armor
20:11 Bloodlines
20:49 Wheelbarrow
25:39 Castle Age
24:32 Horse Collar
25:46 Light Cavalry
26:47 Chain Barding Armor
28:31 Husbandry
AiM | Shuffle
0:25 Loom
9:07 Feudal Age
11:57 Fletching
24:42 Castle Age
22:51 Padded Archer Armor
24:12 Horse Collar
24:22 Gold Mining
24:51 Crossbowman
25:27 Bodkin Arrow
27:50 Ballistics
27:53 Double-Bit Axe
29:06 Bow Saw
31:41 Heavy Plow
32:19 Wheelbarrow
33:46 Thumb Ring
Connection lost

Rejoining the realm…

Still unreachable

The connection could not be restored.

Session expired

The server has moved on; the page needs a fresh start.